 Dungeon Crawl Stone Soup version 0.28-a0-957-g42eb19b844 (webtiles) character file.

Game seed: 12463840650430736114

2488 horus123 the Destroyer (level 9, -2/45 HPs)
             Began as a Deep Elf Conjurer on Dec 1, 2021.
             Was an Initiate of Vehumet.
             Slain by an unseen horror (4 damage)
             ... on level 7 of the Dungeon.
             The game lasted 00:20:23 (8362 turns).

horus123 the Destroyer (Deep Elf Conjurer)          Turns: 8362, Time: 00:20:23

Health: -2/45      AC:  4    Str:  4    XL:     9   Next: 27%
Magic:  18/23      EV: 12    Int: 28    God:    Vehumet [......]
Gold:   269        SH:  0    Dex: 13    Spells: 1/24 levels left

rFire   . . .      SeeInvis .   g - staff of cold
rCold   + . .      Faith    .   (no shield)
rNeg    . . .      Spirit   .   a - +0 robe
rPois   .          Reflect  .   (no helmet)
rElec   .          Harm     .   c - +1 cloak
rCorr   .          Rampage  .   (no gloves)
Will    +....                   (no boots)
Stlth   ++........              m - amulet of the acrobat
HPRegen 0.15/turn               n - ring of flight
MPRegen 0.18/turn               t - ring of willpower

@: flying
A: no striking features
a: Renounce Religion


You were on level 7 of the Dungeon.
You worshipped Vehumet.
Vehumet was noncommittal.
You visited 2 branches of the dungeon, and saw 8 of its levels.
You also visited: Sewer.

You collected 269 gold pieces.

Inventory:

Hand Weapons
 i - a +1 short sword of electrocution
Missiles
 j - 15 poisoned darts
 w - a throwing net
Armour
 a - a +0 robe (worn)
 c - a +1 cloak (worn)
Magical Staves
 g - a staff of cold (weapon)
Jewellery
 m - an amulet of the acrobat (around neck)
 n - a ring of flight (left hand)
 t - a ring of willpower (right hand)
 u - a ring of resist corrosion
Wands
 h - a wand of paralysis (11)
 l - a wand of flame (26)
 r - a wand of acid (9)
Scrolls
 o - 2 scrolls of teleportation
 v - a scroll of identify
Potions
 b - a potion of resistance
 d - a potion of cancellation {unknown}
 e - 2 potions of curing
 f - a potion of lignification
 k - a potion of invisibility {unknown}
 p - 2 potions of flight
 q - a potion of might {unknown}
 s - a potion of heal wounds {unknown}


   Skills:
 - Level 2.4 Dodging
 - Level 2.4 Stealth
 - Level 8.0 Spellcasting
 - Level 8.0 Conjurations
 - Level 7.0 Hexes
 + Level 4.5 Ice Magic
 - Level 6.1 Air Magic


You had one spell level left.
You knew the following spells:

 Your Spells              Type           Power      Damage    Failure   Level
a - Magic Dart            Conj           100%       1d8       1%          1
b - Searing Ray           Conj           100%       2d8       1%          2
c - Dazzling Flash        Conj/Hex       100%       N/A       1%          3
d - Slow                  Hex            100%       N/A       1%          1
e - Fulminant Prism       Conj/Hex       26%        3d14      2%          4
f - Freezing Cloud        Conj/Ice/Air   31%        6-21      11%         5
g - Mephitic Cloud        Conj/Pois/Air  37%        N/A       2%          3
h - Airstrike             Air            22%        N/A       4%          4

Your spell library contained the following spells:

 Spells                   Type           Power      Damage    Failure   Level
 Shock                    Conj/Air       100%       1d9       1%          1
 Animate Skeleton         Necr           22%        N/A       4%          1
 Apportation              Tloc           22%        N/A       4%          1
 Summon Small Mammal      Summ           44%        N/A       4%          1
 Confusing Touch          Hex            50%        N/A       1%          3
 Swiftness                Air            45%        N/A       1%          3
 Iskenderun's Mystic Bla  Conj/Tloc      33%        2d8       10%         4
 Ignite Poison            Fire/Tmut/Pois 11%        N/A       14%         3
 Vampiric Draining        Necr           11%        2d6       14%         3


Dungeon Overview and Level Annotations

Branches:
Dungeon (7/15)             Temple (1/1) D:6           Sewer (visited)

Altars:
Ashenzari
Fedhas
Gozag
Hepliaklqana
Kikubaaqudgha
Makhleb
Okawaru
Qazlal
Ru
Sif Muna
Trog
Vehumet
Wu Jian
Xom
Yredelemnul
Zin


Message History

The magic dart hits the orc priest.
You kill the orc priest!
Vehumet accepts your kill.
The orc shouts!
Something hits you.
The magic dart hits the orc but does no damage.
Something hits you! Something hits you. Something barely misses you.
You closely miss something. Something barely misses you.
Something closely misses you. Something barely misses you.
Something barely misses you. Something hits you but does no damage.
Something misses you. Something hits you. The orc completely misses you.
Something barely misses you. x2
Something completely misses you. The orc hits you with a +3 dagger.
* * * LOW HITPOINT WARNING * * *
Something closely misses you. Something hits you but does no damage.
Something closely misses you.
Aiming: Magic Dart (safe; 1% risk of failure)
Press: ? - help, Q - select action, (/) - cycle Shift-Dir - straight line, f/p - orc
Aim: an orc, wielding a +3 dagger and wearing a +0 ring mail (100% to hit)
The magic dart hits something.
Something hits you.
* * * LOW HITPOINT WARNING * * *
Something hits you!
* * * LOW HITPOINT WARNING * * *
Casting: Magic Dart (safe; 1% risk of failure)
Confirm with . or Enter, or press ? or * to list all spells.
Aiming: Searing Ray (safe; 1% risk of failure)
Press: ? - help, Shift-Dir - straight line, f/p - orc
Aim: an orc, wielding a +3 dagger and wearing a +0 ring mail (85% to hit)
The searing ray hits the orc!
You kill the orc!
Vehumet accepts your kill.
The searing ray misses the orc. (Press . to maintain the ray.)
Something hits you.
You die...

#.#............## #...........
#.#.............###...##......
#.###............##..###....##
#..###............#.## #...##
###..# ###...........## #..##
#.#..## ###.........# ####
#.##..#############.##
#.#............{##.##
##..###########.@)o.## #...#
#####..## ....## ##..###
.....# #....## .....# ##....#
.....# #.....# .....#
#.......# ....## #.####..)..
...## #.# #..!.


You could see an orc.

Vanquished Creatures
  The ghost of bande the Covered, an amateur GrFi (D:4)
  Menkaure (D:7)
  A water moccasin (D:6)
  A black bear (D:5)
  An ice beast (D:7)
  An orc warrior (D:6)
  A necrophage (D:4)
  2 sky beasts (D:7)
  3 ogres
  2 bullfrogs (Sewer)
  A wyvern zombie (D:6)
  A scorpion (D:4)
  A water moccasin zombie (D:5)
  4 killer bees (D:7)
  A jelly (D:4)
  5 orc priests
  2 hounds (D:5)
  2 bullfrog skeletons
  2 centaur skeletons
  4 iguanas
  3 orc wizards (D:6)
  A hound zombie (D:5)
  A hound skeleton (D:2)
  3 gnolls (D:5)
  A river rat (D:4)
  6 adders
  2 shadow imps
  3 white imps
  An ufetubus (D:5)
  An adder zombie (D:5)
  5 worms
  2 dart slugs (D:2)
  12 orcs
  12 ball pythons
  6 endoplasms
  12 giant cockroaches
  A goblin (D:1)
  6 hobgoblins
  4 jackals (D:4)
  5 quokkas
  5 bats
  8 frilled lizards
  6 kobolds
  10 rats
153 creatures vanquished.

Notes
Turn   | Place    | Note
-------+----------+-------------------------------------------
     0 | D:1      | horus123 the Deep Elf Conjurer began the quest for the Orb.
     0 | D:1      | Reached XP level 1. HP: 10/10 MP: 6/6
   200 | D:1      | Reached XP level 2. HP: 15/15 MP: 5/8
   517 | D:1      | You fall into a shaft and drop 1 floor!
   517 | D:2      | Found a faded altar of an unknown god.
   640 | D:2      | Learned a level 2 spell: Searing Ray
   647 | D:2      | Reached skill level 5 in Conjurations
   647 | D:2      | Reached XP level 3. HP: 18/19 MP: 4/10
   755 | D:2      | Learned a level 3 spell: Dazzling Flash
  1038 | D:2      | Reached skill level 1 in Hexes
  1926 | D:1      | Reached XP level 4. HP: 24/24 MP: 9/12
  2676 | D:3      | Learned a level 1 spell: Slow
  3316 | D:4      | Noticed an ogre
  3320 | D:4      | Killed an ogre
  3321 | D:4      | Reached XP level 5. HP: 28/28 MP: 7/15
  3326 | D:4      | Learned a level 4 spell: Fulminant Prism
  3670 | D:4      | Noticed an ogre
  3677 | D:4      | Killed an ogre
  3678 | D:4      | Reached XP level 6. HP: 32/32 MP: 9/17
  3761 | D:4      | Reached skill level 5 in Hexes
  3843 | D:4      | Found a glowing drain.
  3869 | Sewer    | Entered a sewer
  4195 | Sewer    | Reached XP level 7. HP: 23/36 MP: 9/18
  4411 | D:4      | Noticed bande's ghost (amateur GrFi)
  4419 | D:4      | Found a runed translucent gate.
  4419 | D:4      | Found a runed translucent gate.
  4419 | D:4      | Found a runed translucent gate.
  4490 | D:4      | Killed bande's ghost
  4775 | D:4      | Found a hazy altar of Hepliaklqana.
  5124 | D:5      | Entered Level 5 of the Dungeon
  5362 | D:5      | Learned a level 5 spell: Freezing Cloud
  5425 | D:5      | Reached XP level 8. HP: 36/41 MP: 11/19
  5578 | D:5      | Learned a level 3 spell: Mephitic Cloud
  6321 | D:6      | Reached skill level 1 in Air Magic
  7024 | D:6      | Found a staircase to the Ecumenical Temple.
  7042 | D:6      | Reached skill level 5 in Air Magic
  7065 | Temple   | Entered the Ecumenical Temple
  7342 | Temple   | Became a worshipper of Vehumet
  7463 | D:7      | Reached XP level 9. HP: 22/45 MP: 14/20
  7689 | D:7      | Noticed Menkaure
  7695 | D:7      | Killed Menkaure
  8089 | D:7      | Learned a level 4 spell: Airstrike
  8361 | D:7      | HP: 2/45 [something (10)]
  8362 | D:7      | Slain by an unseen horror

Illustrated notes

Levels and vault maps discovered:
D:1:      elethiomel_arrival_maze, layout_basic
D:2:      layout_loops_cross, dreamdust_ecumenical_altar_statues,
          chequers_serial_rivers_micro_e, grunt_ministairs_6
D:3:      layout_basic, skrybe_limestone_x
D:4:      layout_loops_ring, nicolae_hepliaklqana_hazy_memory,
          portal_sewer_entry_b, gammafunk_ghost_split, fountainhead
D:5:      layout_basic
D:6:      layout_basic, minmay_temple_entry_sparse_star, minmay_strange_pillars
D:7:      layout_cave_pods, uniq_menkaure
Temple:   mainiacjoe_temple_circle_huts

Skill      XL: |  1  2  3  4  5  6  7  8  9 |
---------------+----------------------------+-----
Spellcasting   | 4 6 8 |  8.0
Conjurations   | 5 6 8 |  8.0
Hexes          | 2 4 5 7 |  7.0
Ice Magic      | 2 4 |  4.5
Air Magic      | 5 6 |  6.1
Dodging        | |  2.4
Stealth        | |  2.4

Action                   |  1- 3 |  4- 6 |  7- 9 || total
-------------------------+-------+-------+-------++-------
Melee: Short sword       |       |       |     1 ||     1
       Staff             |       |       |     1 ||     1
 Cast: Magic Dart        |    75 |    65 |   143 ||   283
       Searing Ray       |     2 |     9 |    30 ||    41
       Slow              |       |     3 |       ||     3
  Use: Scroll            |       |     4 |    10 ||    14
Armor: Robe              |     1 |     4 |    23 ||    28
Dodge: Dodged            |     5 |     6 |    85 ||    96

Table legend: (Time is in decaauts)
 A = Elapsed time spent in this place.
 B = Non-inter-level travel time spent in this place.
 C = Inter-level travel time spent in this place.
 D = Time resting spent in this place.
 E = Time spent auto-exploring this place.
 F = Levels seen in this place.
 G = Mean time per level.
                   A        B        C        D        E       F      G
               +--------+--------+--------+--------+--------+-----+--------+
         Total |   8399 |   8234 |    165 |    390 |   6799 |   9 |  933.2 |
       Dungeon |   7599 |   7446 |    153 |    390 |   6101 |   7 | 1085.6 |
        Temple |    289 |    277 |     12 |      0 |    253 |   1 |  289.0 |
         Sewer |    510 |    510 |      0 |      0 |    445 |   1 |  510.0 |
               +--------+--------+--------+--------+--------+-----+--------+

Top non-repeatable levels by time:
     D:4: 1336 daAuts
     D:5: 1190 daAuts
     D:1: 1134 daAuts
     D:2: 1125 daAuts
     D:3: 1055 daAuts
     D:7: 937 daAuts
     D:6: 819 daAuts
   Sewer: 510 daAuts
  Temple: 289 daAuts
